[ AOE2 MATCH · #467540558 ]
UnrankedMaya vs Magyars
Player's team · LOSS
Rival team · WIN
[ REPLAY ANALYSIS · EXTRACTED FROM THE RECORDED GAME ]
Feudal
10:06
Castle
17:46
Imperial
—
| APM avg | 26.3 |
| APM peak | 70 |
| eAPM avg | 16.2 |
| Villagers / military | 138 / 142 |
Focus
⚔️ 32.4% · 🌾 67.6%
Skirmisher ×51 · Militia ×42 · Spearman ×25 · Archer ×20 · Battering Ram ×4
Feudal
11:53
Castle
17:39
Imperial
37:29
| APM avg | 31.0 |
| APM peak | 70 |
| eAPM avg | 16.3 |
| Villagers / military | 104 / 100 |
Focus
⚔️ 35.0% · 🌾 65.0%
Cavalry Archer ×35 · Skirmisher ×21 · Scout Cavalry ×19 · Magyar Huszar ×13 · Fishing Ship ×9 · Demolition Raft ×3
Match map
Initial resources + every placement click. Lines = walls · curves = elevation contours. ◆ gold · ⬟ stone · ● berries · ✦ relic · ◌ wall gap
Your base· Open — opponent sealed themselves in
StanTheMan's base· ✓ Closed at 17:39 · 19t walls · 1 gate(s)
Smoothed initial terrain · ◌ = detected wall gap · hover for details
Inputs per minute
— Nebuchadnezzar - - StanTheMan
Build order — Nebuchadnezzar
First 150 of 280 actions detected
| 0:01 | Create | Villager (Male) |
| 0:01 | Create | Villager (Male) |
| 0:01 | Create | Villager (Male) |
| 0:06 | Build | House |
| 0:07 | Build | House |
| 0:51 | Build | Lumber Camp |
| 1:27 | Create | Villager (Male) |
| 2:00 | Create | Villager (Male) |
| 2:01 | Create | Villager (Male) |
| 2:08 | Create | Villager (Male) |
| 2:08 | Create | Villager (Male) |
| 2:40 | Build | Mill |
| 2:53 | Create | Villager (Male) |
| 2:53 | Create | Villager (Male) |
| 3:23 | Create | Villager (Male) |
| 3:29 | Create | Villager (Male) |
| 3:29 | Create | Villager (Male) |
| 3:38 | Create | Villager (Male) |
| 3:39 | Create | Villager (Male) |
| 3:42 | Build | House |
| 3:43 | Build | House |
| 4:12 | Create | Villager (Male) |
| 4:12 | Create | Villager (Male) |
| 4:17 | Create | Villager (Male) |
| 4:17 | Create | Villager (Male) |
| 4:39 | Create | Villager (Male) |
| 4:39 | Create | Villager (Male) |
| 4:57 | Build | Mill |
| 5:00 | Create | Villager (Male) |
| 5:01 | Create | Villager (Male) |
| 5:01 | Create | Villager (Male) |
| 5:11 | Create | Villager (Male) |
| 5:45 | Create | Villager (Male) |
| 5:45 | Create | Villager (Male) |
| 5:46 | Create | Villager (Male) |
| 6:08 | Create | Villager (Male) |
| 6:09 | Create | Villager (Male) |
| 6:30 | Create | Villager (Male) |
| 6:30 | Create | Villager (Male) |
| 6:52 | Create | Villager (Male) |
| 6:52 | Create | Villager (Male) |
| 6:53 | Create | Villager (Male) |
| 7:15 | Create | Villager (Male) |
| 7:15 | Create | Villager (Male) |
| 7:32 | Create | Villager (Male) |
| 7:33 | Create | Villager (Male) |
| 7:43 | Build | House |
| 7:47 | Create | Villager (Male) |
| 7:47 | Create | Villager (Male) |
| 7:56 | Research | Feudal Age |
| 7:57 | Research | Loom |
| 7:58 | Create | Villager (Male) |
| 8:10 | Build | Barracks |
| 8:14 | Build | House |
| 8:15 | Build | House |
| 8:28 | Create | Villager (Male) |
| 8:45 | Create | Villager (Male) |
| 9:01 | Create | Villager (Male) |
| 9:15 | Build | Mining Camp |
| 9:20 | Build | Palisade Wall |
| 9:22 | Build | Palisade Wall |
| 9:24 | Create | Villager (Male) |
| 9:32 | Create | Villager (Male) |
| 9:49 | Create | Villager (Male) |
| 10:06 | Age | Feudal Age |
| 10:29 | Build | Archery Range |
| 10:31 | Build | Palisade Wall |
| 10:36 | Create | Villager (Male) |
| 10:42 | Create | Villager (Male) |
| 11:02 | Create | Villager (Male) |
| 11:06 | Create | Villager (Male) |
| 11:09 | Create | Villager (Male) |
| 11:13 | Research | Double-Bit Axe |
| 11:14 | Research | Horse Collar |
| 11:43 | Create | Villager (Male) |
| 11:57 | Create | Villager (Male) |
| 12:00 | Build | Farm |
| 12:01 | Build | Farm |
| 12:03 | Build | Farm |
| 12:04 | Build | Farm |
| 12:12 | Create | Villager (Male) |
| 12:16 | Create | Villager (Male) |
| 12:19 | Create | Archer ×3 |
| 12:19 | Create | Archer ×3 |
| 12:42 | Create | Villager (Male) |
| 12:48 | Build | Farm |
| 12:51 | Build | Farm |
| 12:55 | Create | Villager (Male) |
| 12:59 | Create | Archer |
| 12:59 | Create | Archer |
| 13:10 | Create | Villager (Male) |
| 13:22 | Create | Villager (Male) |
| 13:27 | Create | Villager (Male) |
| 13:40 | Build | Blacksmith |
| 13:54 | Create | Archer |
| 13:55 | Create | Archer |
| 13:56 | Create | Villager (Male) |
| 14:01 | Create | Villager (Male) |
| 14:24 | Build | Farm |
| 14:26 | Create | Villager (Male) |
| 14:54 | Research | Castle Age |
| 14:58 | Create | Villager (Male) |
| 14:59 | Create | Villager (Male) |
| 15:01 | Build | Farm |
| 15:17 | Build | Farm |
| 15:24 | Research | Fletching |
| 15:30 | Create | Villager (Male) |
| 15:38 | Build | Farm |
| 15:39 | Build | Farm |
| 15:39 | Build | Farm |
| 15:39 | Build | Farm |
| 15:40 | Build | Farm |
| 15:49 | Build | House |
| 15:54 | Build | House |
| 16:38 | Create | Villager (Male) |
| 16:43 | Build | Farm |
| 17:29 | Create | Villager (Male) |
| 17:46 | Age | Castle Age |
| 17:52 | Research | Crossbowman (upgrade) |
| 17:53 | Research | Thumb Ring |
| 17:54 | Create | Archer ×5 |
| 17:55 | Create | Archer ×5 |
| 17:56 | Create | Villager (Male) |
| 18:28 | Research | Bodkin Arrow |
| 18:36 | Create | Villager (Male) |
| 18:40 | Build | Farm |
| 18:42 | Build | Farm |
| 18:42 | Create | Villager (Male) |
| 18:49 | Create | Villager (Male) |
| 19:05 | Research | Padded Archer Armor |
| 19:49 | Create | Villager (Male) |
| 19:52 | Build | Farm |
| 19:54 | Build | Farm |
| 20:03 | Create | Villager (Male) |
| 20:09 | Create | Villager (Male) |
| 20:17 | Build | Farm |
| 20:18 | Create | Villager (Male) |
| 20:29 | Build | Town Center |
| 20:37 | Create | Villager (Male) |
| 20:54 | Create | Villager (Male) |
| 21:00 | Build | House |
| 21:02 | Build | House |
| 21:06 | Build | Palisade Gate |
| 21:09 | Build | Palisade Wall |
| 21:32 | Create | Villager (Male) |
| 22:03 | Research | Leather Archer Armor |
| 22:49 | Create | Villager (Male) |
| 22:53 | Build | Farm |
| 22:54 | Build | Farm |
| 22:55 | Build | Farm |
Build order — StanTheMan
First 150 of 335 actions detected
| 0:02 | Create | Villager (Male) |
| 0:02 | Create | Villager (Male) |
| 0:02 | Create | Villager (Male) |
| 0:02 | Create | Villager (Male) |
| 0:08 | Build | House |
| 0:11 | Build | House |
| 0:12 | Build | House |
| 0:16 | Research | Loom |
| 0:46 | Create | Villager (Male) |
| 0:46 | Create | Villager (Male) |
| 0:47 | Create | Villager (Male) |
| 0:53 | Create | Villager (Male) |
| 1:26 | Build | Lumber Camp |
| 1:29 | Create | Villager (Male) |
| 2:05 | Create | Villager (Male) |
| 2:56 | Create | Villager (Male) |
| 2:56 | Create | Villager (Male) |
| 3:23 | Create | Villager (Male) |
| 3:37 | Build | Dock |
| 3:45 | Create | Villager (Male) |
| 4:20 | Create | Villager (Male) |
| 4:28 | Build | House |
| 4:36 | Create | Fishing Ship |
| 4:39 | Create | Villager (Male) |
| 5:16 | Build | Mill |
| 5:20 | Create | Villager (Male) |
| 5:48 | Create | Fishing Ship |
| 5:55 | Build | House |
| 6:28 | Create | Villager (Male) |
| 6:28 | Create | Villager (Male) |
| 6:53 | Build | House |
| 6:55 | Create | Villager (Male) |
| 6:55 | Create | Villager (Male) |
| 7:26 | Build | Mining Camp |
| 7:29 | Create | Fishing Ship |
| 7:42 | Create | Fishing Ship |
| 8:04 | Create | Villager (Male) |
| 8:04 | Create | Villager (Male) |
| 8:18 | Create | Fishing Ship |
| 8:53 | Create | Fishing Ship |
| 9:13 | Create | Villager (Male) |
| 9:43 | Research | Feudal Age |
| 9:50 | Build | House |
| 9:53 | Build | House |
| 9:59 | Create | Fishing Ship |
| 10:48 | Build | Palisade Wall |
| 11:13 | Build | Palisade Wall |
| 11:41 | Create | Villager (Male) |
| 11:41 | Create | Villager (Male) |
| 11:44 | Create | Fishing Ship |
| 11:44 | Create | Fishing Ship |
| 11:53 | Age | Feudal Age |
| 12:09 | Build | Blacksmith |
| 12:17 | Build | Market |
| 12:22 | Build | House |
| 12:28 | Build | House |
| 12:40 | Build | House |
| 12:43 | Build | House |
| 12:50 | Build | Farm |
| 12:51 | Build | Farm |
| 12:52 | Create | Villager (Male) |
| 12:53 | Create | Villager (Male) |
| 13:09 | Create | Fire Galley |
| 13:14 | Create | Galley |
| 13:15 | Create | Galley |
| 13:22 | Build | Farm |
| 13:34 | Build | Palisade Gate |
| 13:39 | Build | Farm |
| 13:40 | Build | Farm |
| 13:42 | Build | Farm |
| 14:07 | Build | Mining Camp |
| 14:09 | Create | Villager (Male) |
| 14:10 | Create | Villager (Male) |
| 14:21 | Build | Palisade Wall |
| 14:33 | Research | Castle Age |
| 15:31 | Build | House |
| 15:32 | Build | House |
| 15:33 | Build | House |
| 15:34 | Build | House |
| 15:41 | Build | Mill |
| 15:47 | Research | Double-Bit Axe |
| 15:49 | Research | Horse Collar |
| 16:05 | Build | House |
| 16:07 | Build | House |
| 16:08 | Build | House |
| 16:09 | Build | House |
| 16:10 | Build | House |
| 17:11 | Build | Barracks |
| 17:39 | Age | Castle Age |
| 17:50 | Create | Villager (Male) |
| 17:50 | Create | Villager (Male) |
| 17:51 | Create | Villager (Male) |
| 17:54 | Create | Villager (Male) |
| 18:20 | Build | Town Center |
| 18:34 | Create | Villager (Male) |
| 18:34 | Create | Villager (Male) |
| 18:42 | Build | Farm |
| 18:43 | Build | Farm |
| 18:45 | Create | Villager (Male) |
| 18:46 | Create | Villager (Male) |
| 18:55 | Create | Villager (Male) |
| 18:56 | Create | Villager (Male) |
| 19:07 | Research | Stone Mining |
| 19:18 | Create | Villager (Male) |
| 19:19 | Create | Villager (Male) |
| 19:22 | Create | Villager (Male) |
| 19:31 | Create | Villager (Male) |
| 19:43 | Research | Bow Saw |
| 19:45 | Create | Villager (Male) |
| 19:45 | Create | Villager (Male) |
| 19:49 | Create | Villager (Male) |
| 20:08 | Create | Villager (Male) |
| 20:08 | Create | Villager (Male) |
| 20:30 | Build | Archery Range |
| 20:33 | Create | Villager (Male) |
| 20:34 | Create | Villager (Male) |
| 20:37 | Research | Heavy Plow |
| 20:48 | Research | Fletching |
| 20:50 | Create | Villager (Male) |
| 20:50 | Create | Villager (Male) |
| 20:58 | Research | Gold Mining |
| 21:38 | Build | Archery Range |
| 21:40 | Create | Cavalry Archer |
| 21:40 | Create | Cavalry Archer |
| 21:42 | Create | Villager (Male) |
| 21:43 | Create | Villager (Male) |
| 21:43 | Create | Villager (Male) |
| 22:14 | Create | Cavalry Archer |
| 22:18 | Research | Padded Archer Armor |
| 22:20 | Research | Bodkin Arrow |
| 22:51 | Build | Lumber Camp |
| 22:56 | Build | Farm |
| 23:00 | Build | Farm |
| 23:03 | Build | Farm |
| 23:06 | Build | Farm |
| 23:07 | Build | Farm |
| 23:08 | Create | Cavalry Archer |
| 23:09 | Create | Cavalry Archer |
| 23:19 | Build | Lumber Camp |
| 23:26 | Create | Villager (Male) |
| 23:26 | Create | Villager (Male) |
| 23:35 | Create | Demolition Raft |
| 23:36 | Create | Demolition Raft |
| 23:36 | Create | Demolition Raft |
| 23:37 | Create | Villager (Male) |
| 23:38 | Create | Villager (Male) |
| 23:41 | Build | Farm |
| 23:45 | Build | Farm |
| 23:51 | Create | Cavalry Archer |
| 23:51 | Create | Cavalry Archer |
Match timeline
| 3:37 | StanTheMan · first_building Dock |
| 8:10 | Nebuchadnezzar · first_building Barracks |
| 9:20 | Nebuchadnezzar · wall_segment Palisade Wall x1 |
| 9:22 | Nebuchadnezzar · wall_segment Palisade Wall x8 |
| 10:06 | Nebuchadnezzar · age_up feudal |
| 10:29 | Nebuchadnezzar · first_building Archery Range |
| 10:31 | Nebuchadnezzar · wall_segment Palisade Wall x1 |
| 10:48 | StanTheMan · wall_segment Palisade Wall x9 |
| 11:13 | StanTheMan · wall_segment Palisade Wall x9 |
| 11:53 | StanTheMan · age_up feudal |
| 14:21 | StanTheMan · wall_segment Palisade Wall x10 |
| 17:11 | StanTheMan · first_building Barracks |
| 17:39 | StanTheMan · age_up castle |
| 17:46 | Nebuchadnezzar · age_up castle |
| 20:30 | StanTheMan · first_building Archery Range |
| 21:09 | Nebuchadnezzar · wall_segment Palisade Wall x1 |
| 25:57 | Nebuchadnezzar · first_building Siege Workshop |
| 29:08 | StanTheMan · first_building Stable |
| 30:12 | StanTheMan · first_building Castle |
| 33:41 | StanTheMan · first_building Siege Workshop |
| 36:36 | Nebuchadnezzar · first_building Castle |
| 37:29 | StanTheMan · age_up imperial |
| 38:07 | Nebuchadnezzar · resign |
[ AI ANALYSIS · 1 CREDIT ]
What really happened in this match?
Wolo.gg analyzes every decision: build order, eco, micro, common mistakes by bracket. Personalized analysis on WhatsApp or Discord in 30 seconds.
Civ guide
Maya
Perfil
Jugador #324699